 Dungeon Sprint DCSS version 0.31-a0-240-gb923e448b6 (webtiles) character file.

Game seed: 11006248792254863579

374 Conn the Arsonist (level 6, -3/37 HPs)
             Began as an Octopode Fire Elementalist on July 12, 2023.
             Was an Initiate of Sif Muna.
             Slain by a tentacle (22 damage)
             ... attached to a kraken
             ... in the Dungeon (Sprint II: "The Violet Keep of Menkaure").
             The game lasted 00:04:32 (289 turns).

Conn the Arsonist (Octopode Fire Elementalist)       Turns: 289, Time: 00:04:32

Health: -3/37      AC:  1    Str:  7    XL:     6   Next: 72%
Magic:  2/15       EV: 14    Int: 25    God:    Sif Muna [......]
Gold:   408        SH:  0    Dex: 13    Spells: 8/18 levels left

rFire   + . .        t - +1 short sword (speed)
rCold   + . .        (no shield)
rNeg    . . .        (helmet restricted)
rPois   +            r - amulet of faith
rElec   +            s - +6 ring of intelligence
rCorr   +            (no ring)
SInv    .            (no ring)
Will    .....        (no ring)
Stlth   ++++         (no ring)
HPRegen 0.26/turn    (no ring)
MPRegen 0.14/turn    (no ring)
                     (no ring)

%: no teleportation, faith
@: resistant, very slightly contaminated
A: almost no armour, amphibious, 8 rings, camouflage 1, gelatinous body 1,
(nimble swimmer 1), tentacles
a: Renounce Religion


You were in the Dungeon.
You worshipped Sif Muna.
Sif Muna was noncommittal.
You visited 1 branch You collected 408 gold pieces.

Inventory:

Hand Weapons
 t - a +1 short sword of speed (weapon)
Jewellery
 r - an amulet of faith (around mantle)
 s - a +6 ring of intelligence (left tentacle)
Talismans
 g - a beast talisman
 q - a maw talisman
Scrolls
 d - a scroll of enchant weapon {unknown}
 f - a scroll of blinking
 j - a scroll of silence {unknown}
 m - a scroll of enchant armour {unknown}
 n - a scroll of identify {unknown}
 o - 2 scrolls of revelation {unknown}
 p - 2 scrolls of amnesia {unknown}
Potions
 a - 6 potions of magic
 b - 2 potions of curing
 c - a potion of heal wounds
 e - 3 potions of might
 i - 3 potions of enlightenment
 l - 2 potions of resistance


   Skills:
 + Level 0.3 Fighting
 + Level 4.5 Dodging
 + Level 6.1 Stealth
 * Level 6.6 Spellcasting
 * Level 5.9 Conjurations
 + Level 9.3 Fire Magic


You had 8 spell levels left.
You knew the following spells:

 Your Spells              Type           Power      Damage    Failure   Level
a - Foxfire               Conj/Fire      100%       2x1d9     1%          1
b - Scorch                Fire           100%       2d9       1%          2
c - Inner Flame           Hex/Fire       31%        N/A       3%          3
d - Flame Wave            Conj/Fire      46%        2d12      3%          4

Your spell library contained the following spells:

 Spells                   Type           Power      Damage    Failure   Level
 Volatile Blastmotes      Fire/Tloc      62%        2d15      3%          3
 Sublimation of Blood     Necr           8%         N/A       11%         2
 Wereblood                Tmut           8%         N/A       11%         2
 Summon Hydra             Summ           4%         N/A       100%        7


Dungeon Overview and Level Annotations

Branches:
Dungeon (1/1)

Altars:
Cheibriados
Dithmenos
Elyvilon
Fedhas
Gozag
Hepliaklqana
Kikubaaqudgha
Makhleb
Nemelex Xobeh
Okawaru
Qazlal
Ru
Sif Muna
Trog
Uskayaw
Vehumet
Wu Jian
Xom
Yredelemnul
Zin
The Shining One
Jiyva
Lugonu

Annotations:
D exclusion: obsidian statue


Innate Abilities, Weirdness & Mutations

You cannot wear most types of armour.
You are amphibious.
You can wear up to eight rings at the same time.
Your skin changes colour to match your surroundings (Stealth+).
Your rubbery body absorbs attacks. (AC +1, EV +1)
((You are camouflaged when in or above water. (Stealth+)))
You have tentacles for arms and can constrict up to eight enemies at once.


Message History

Confirm with . or Enter, or press ? or * to list all spells.
You conjure some foxfire!
You float gracefully downwards.
You flicker for a moment.
The foxfire hits the kraken but does no damage.
The kraken is moderately wounded.
The foxfire hits the kraken but does no damage.
The kraken is moderately wounded.
You feel a little less mighty now.
The kraken is no longer more vulnerable to fire.
The kraken is engulfed in a cloud of scalding steam.
You enter the deep water.
Don't expect to remain undetected while in the water.
Your enlightenment fades.
You hit the kraken but do no damage.
You squeeze the kraken, but do no damage.
The kraken is moderately wounded.
The kraken barely misses you.
The kraken is engulfed in a cloud of scalding steam.
The kraken barely misses you.
You flicker back into view.
Tentacles burst out of the water! 2 tentacles come into view.
There is an open door here.
You see here 5 stones.
Casting: Foxfire (safe; 1% risk of failure)
Confirm with . or Enter, or press ? or * to list all spells.
Okay, then.
Unknown command.
Unknown command.
Unknown command.
Unknown command.
Okay, then.
The tentacle slaps you.
You see here a +0 mace.
The tentacle slaps you! The tentacle barely misses you.
You see here a +0 sling.
The tentacle barely misses you. The tentacle slaps you!!
Ouch! That really hurt!
You die...

..▓ ▓▓+▓▓▓▓.▓
+..°▓0..▓
#°..▓▓▓▓▓▓▓▓▓▓
#...▓≈§§§§§§≈▓▓
#:[▓▓▓▓▓▓▓▓▓▓▓
#:=▓....)...▓▓
#):▓...)..[[▓▓
+.####})▓..)...)@▓▓
.^.####▓(..)..w.▓▓
#..# #▓[..../.)▓▓ +..#
#▓....│.))▓▓ #^†#
#▓[...│(.)▓▓
##..####▓..[[.\.(▓▓
###...##▓▓▓▓▓▓▓\▓▓▓▓+▓
.§~~~~~~~~~~~~~.──X≈≈▓
..~#'########+###www≈▓


You could see a kraken and a tentacle.

Vanquished Creatures
  Menkaure (D)
  A water moccasin (D)
  4 necrophages (D)
6 creatures vanquished.

Vanquished Creatures (others)
  19 foxfires (D)
19 creatures vanquished.

Grand Total: 25 creatures vanquished

Notes
Turn   | Place    | Note
-------+----------+-------------------------------------------
     0 | D        | Conn the Octopode Fire Elementalist began the quest for the
                  | Orb.
     0 | D        | Reached XP level 1. HP: 11/11 MP: 3/3
     1 | D        | Noticed a wyvern
     1 | D        | Noticed a wyvern
     4 | D        | Noticed a necrophage
     4 | D        | Noticed a necrophage
     4 | D        | Noticed a necrophage
     4 | D        | Noticed a necrophage
    10 | D        | Killed a necrophage
    11 | D        | Reached skill level 5 in Fire Magic
    11 | D        | Reached XP level 2. HP: 12/17 MP: 3/6
    11 | D        | Reached XP level 3. HP: 15/21 MP: 4/8
    11 | D        | Reached XP level 4. HP: 20/27 MP: 4/9
    13 | D        | Killed a necrophage
    14 | D        | Reached skill level 6 in Fire Magic
    14 | D        | Reached XP level 5. HP: 23/31 MP: 4/12
    18 | D        | Reached skill level 5 in Stealth
    18 | D        | Reached skill level 5 in Spellcasting
    18 | D        | Reached skill level 7 in Fire Magic
    22 | D        | Reached skill level 5 in Conjurations
    22 | D        | Reached skill level 8 in Fire Magic
    22 | D        | Reached XP level 6. HP: 25/36 MP: 4/14
    32 | D        | Learned a level 2 spell: Scorch
    36 | D        | Learned a level 3 spell: Inner Flame
    41 | D        | Learned a level 4 spell: Flame Wave
    41 | D        | Noticed an obsidian statue
    43 | D        | Noticed Menkaure
    45 | D        | Killed Menkaure
    46 | D        | Reached skill level 9 in Fire Magic
    54 | D        | Found a glowing golden altar of the Shining One.
    54 | D        | Found an ornate altar of the Wu Jian Council.
    55 | D        | Found a shimmering altar of Xom.
    55 | D        | Found a sacrificial altar of Ru.
    56 | D        | Found a basalt altar of Yredelemnul.
    56 | D        | Found a shimmering blue altar of Sif Muna.
    56 | D        | Found a stormy altar of Qazlal.
    56 | D        | Found a viscous altar of Jiyva.
    57 | D        | Found a glowing silver altar of Zin.
    57 | D        | Found a bloodstained altar of Trog.
    57 | D        | Found an ancient bone altar of Kikubaaqudgha.
    58 | D        | Found a hazy altar of Hepliaklqana.
    58 | D        | Found a snail-covered altar of Cheibriados.
    59 | D        | Found a hide-covered altar of Uskayaw.
    59 | D        | Found a corrupted altar of Lugonu.
    59 | D        | Found a shadowy altar of Dithmenos.
    60 | D        | Found a radiant altar of Vehumet.
    60 | D        | Found a burning altar of Makhleb.
    60 | D        | Found a white marble altar of Elyvilon.
    60 | D        | Noticed a water moccasin
    61 | D        | Found a sparkling altar of Nemelex Xobeh.
    61 | D        | Found a blossoming altar of Fedhas.
    63 | D        | Killed a water moccasin
    65 | D        | Found an iron altar of Okawaru.
    65 | D        | Found an opulent altar of Gozag.
    69 | D        | Noticed a flying skull
    70 | D        | Became a worshipper of Sif Muna the Loreminder
    77 | D        | Noticed a water moccasin
    78 | D        | Noticed a water moccasin
    82 | D        | Noticed a kraken
   289 | D        | Slain by a tentacle

Illustrated notes

Levels and vault maps discovered:
D:        the_violet_keep_of_menkaure [sprint2_stairs_cluster_1,
          sprint2_shoproom, sprint2_temple, sprint2_basic_supplies,
          sprint2_obstacle_4, sprint2_obstacle_1, sprint2_obstacle_3,
          sprint2_obstacle_7, sprint2_obstacle_6, sprint2_timed_cluster_1,
          sprint2_smallroom_cluster_1, sprint2_smallroom_final_cluster_1,
          sprint2_transparent_cluster_1, sprint2_second_timed_cluster_1,
          sprint2_sniper_area_1, sprint2_heavy_combat_area_1,
          sprint2_mutation_trap_area_1, sprint2_forest_area_1,
          sprint2_light_combat_area_1, sprint2_behind_water_1,
          sprint2_near_end_vault_1]

Skill      XL: |  1  2  3  4  5  6 |
---------------+-------------------+-----
Stealth        | 4 5 6 |  6.1
Spellcasting   | 3 4 5 6 |  6.6
Conjurations   | 3 5 |  5.9
Fire Magic     | 5 6 8 9 |  9.3
Dodging        | 3 4 |  4.5
Fighting       | |  0.3

Action                     |  1- 3 |  4- 6 || total
---------------------------+-------+-------++-------
  Melee: Unarmed           |     4 |    11 ||    15
         Constrict         |     1 |     3 ||     4
         Tentacles         |     1 |     3 ||     4
         Punch             |       |     1 ||     1
         Short sword       |       |     1 ||     1
   Cast: Foxfire           |       |    12 ||    12
         Scorch            |       |    10 ||    10
         Inner Flame       |       |     1 ||     1
    Use: Potion            |     2 |     6 ||     8
  Dodge: Dodged            |       |     8 ||     8

Table legend: (Time is in decaauts)
 A = Elapsed time spent in this place.
 B = Non-inter-level travel time spent in this place.
 C = Inter-level travel time spent in this place.
 D = Time resting spent in this place.
 E = Time spent auto-exploring this place.
 F = Levels seen in this place.
 G = Mean time per level.
                   A        B        C        D        E       F      G
               +--------+--------+--------+--------+--------+-----+--------+
         Total |    289 |    289 |      0 |     20 |      0 |   1 |  289.0 |
       Dungeon |    289 |    289 |      0 |     20 |      0 |   1 |  289.0 |
               +--------+--------+--------+--------+--------+-----+--------+

Top non-repeatable levels by time:
       D: 289 daAuts
